 Dungeon Crawl Stone Soup version 0.29.1-2-gbd0b4ee654 (webtiles) character file.

Game seed: 11262102324371145412

6652 Charmandara the Covert (level 10, -6/47 HPs)
             Began as a Deep Elf Enchanter on Nov 6, 2022.
             Was a Priest of Hepliaklqana.
             Mangled by a two-headed ogre zombie (12 damage)
             ... on level 10 of the Dungeon on Nov 7, 2022.
             The game lasted 00:35:25 (10163 turns).

Charmandara the Covert (Deep Elf Enchanter)        Turns: 10163, Time: 00:35:26

Health: -6/47      AC:  9    Str:  7    XL:     10   Next: 73%
Magic:  13/22      EV: 13    Int: 21    God:    Hepliaklqana [***...]
Gold:   367        SH:  0    Dex: 19    Spells: 4/23 levels left

rFire   x . .      SeeInvis .   a - +2 dagger (elec)
rCold   + . .      Faith    .   (no shield)
rNeg    . . .      Spirit   .   G - +2 robe of Cerisoto {Str+2}
rPois   .          Reflect  .   v - +2 hat
rElec   .          Harm     .   t - scarf {shadows}
rCorr   .          Rampage  .   u - +1 pair of gloves
Will    +....                   E - +0 pair of boots
Stlth   +++++.....              (no amulet)
HPRegen 0.15/turn               f - +4 ring of slaying
MPRegen 0.18/turn               g - ring of ice

@: sluggish, very slow
A: reduced essence
a: Renounce Religion, Recall Ancestor, Ancestor Identity, Transference


You were on level 10 of the Dungeon.
You worshipped Hepliaklqana.
Hepliaklqana was most pleased with you.
You visited 1 branch of the dungeon, and saw 10 of its levels.

You collected 367 gold pieces.

Inventory:

Hand Weapons
 a - a +2 dagger of electrocution (weapon)
 b - a +0 shortbow of venom
 o - a +0 rapier
Missiles
 w - 2 throwing nets (quivered)
Armour
 k - a +2 robe of willpower
 t - a scarf of shadows (worn)
 u - a +1 pair of gloves (worn)
 v - a +2 hat (worn)
 B - a scarf of repulsion
 E - a +0 pair of boots (worn)
 G - the +2 robe of Cerisoto (worn) {Str+2}
   (You found it on level 6 of the Dungeon)

   Str:       It affects your strength (+2).
 I - an orb of energy
 J - +0 steam dragon scales
 M - the +12 chain mail of Past Mistakes {*Corrode rN++}
   (You found it on level 9 of the Dungeon)

   rN:        It greatly protects you from negative energy.
   *Corrode:  It may corrode you when you take damage.
Jewellery
 f - a +4 ring of slaying (left hand)
 g - a ring of ice (right hand)
 r - a +6 ring of intelligence
 D - a ring of protection from cold
Wands
 y - a wand of charming (4)
 C - a wand of flame (9)
Scrolls
 e - 3 scrolls of fear
 j - 2 scrolls of enchant armour
 l - 3 scrolls of fog
 q - 2 scrolls of teleportation
 x - 3 scrolls of immolation
 A - a scroll of poison
 F - a scroll of brand weapon
 K - a scroll of blinking
 P - a scroll of enchant weapon
Potions
 c - a potion of invisibility
 d - 2 potions of mutation
 h - a potion of magic
 i - a potion of flight
 m - a potion of haste
 n - 2 potions of heal wounds
 p - a potion of cancellation
 s - 5 potions of curing
 z - 2 potions of brilliance
 H - 2 potions of lignification
 L - a potion of might {unknown}
 N - a potion of degeneration {unknown}


   Skills:
 - Level 2.0 Fighting
 * Level 9.6 Short Blades
 - Level 2.4 Dodging
 + Level 11.8 Stealth
 - Level 7.1 Spellcasting
 - Level 3.0 Conjurations
 - Level 7.6 Hexes
 - Level 3.0 Summonings
 - Level 4.0 Translocations
 - Level 2.0 Ice Magic
 - Level 3.0 Air Magic


You had 4 spell levels left.
You knew the following spells:

 Your Spells              Type           Power      Damage    Failure   Level
a - Ensorcelled Hibernat  Hex/Ice        82%        N/A       1%          2
b - Blink                 Tloc           48%        N/A       2%          2
d - Dazzling Flash        Conj/Hex       58%        N/A       3%          3
g - Summon Guardian Gole  Hex/Summ       29%        N/A       3%          3
s - Swiftness             Air            20%        N/A       8%          3
t - Tukima's Dance        Hex            39%        N/A       1%          3
x - Confusing Touch       Hex            39%        N/A       1%          3

Your spell library contained the following spells:

 Spells                   Type           Power      Damage    Failure   Level
 Magic Dart               Conj           80%        1d7       2%          1
 Summon Small Mammal      Summ           80%        N/A       2%          1
 Call Imp                 Summ           20%        N/A       3%          2
 Static Discharge         Conj/Air       20%        3-6/arc   3%          2
 Lesser Beckoning         Tloc           24%        N/A       4%          3
 Call Canine Familiar     Summ           20%        N/A       8%          3
 Mephitic Cloud           Conj/Pois/Air  15%        N/A       12%         3
 Passwall                 Tmut/Erth      5%         N/A       13%         2
 Manifold Assault         Tloc           24%        N/A       43%         5
 Lightning Bolt           Conj/Air       10%        1d23      56%         5
 Borgnjor's Revivificati  Necr           3%         N/A       100%        8
 Maxwell's Capacitive Co  Air            10%        ∞         100%        8
 Necromutation            Tmut/Necr      3%         N/A       100%        8
 Death's Door             Necr           3%         N/A       100%        9


Dungeon Overview and Level Annotations

Branches:
Dungeon (10/15)            Temple (0/1) D:4            Lair (0/5) D:10
    Orc: D:9-12

Altars:
Cheibriados
Elyvilon
Fedhas
Hepliaklqana
Qazlal
Sif Muna
Uskayaw
Vehumet
The Shining One

Shops:
D:4 *   D:5 !?

Annotations:
D:8 1 runed translucent door, Godmorgon's ghost, novice DjIE


Message History

An orc skeleton comes into view.
Hori hits the orc zombie with a +0 dagger of draining.
Hori points at the orc zombie and mumbles some strange words.
The orc zombie struggles to resist.
The orc zombie hits Hori but does no damage.
Hori completely misses the orc zombie.
Hori hits the orc zombie with a +0 dagger of draining!
The orc zombie is destroyed!
Hori points at the orc zombie and mumbles some strange words.
The orc zombie struggles to resist.
You puncture the orc skeleton!
You destroy the orc skeleton!
The orc zombie closely misses Hori.
Hori hits the orc zombie with a +0 dagger of draining!
The orc zombie is destroyed!
Hori points at the two-headed ogre zombie and mumbles some strange words.
The two-headed ogre zombie appears confused.
The two-headed ogre zombie hits you.
* * * LOW HITPOINT WARNING * * *
The two-headed ogre zombie hits you.
* * * LOW HITPOINT WARNING * * *
Unknown command.
You feel sluggish.
The two-headed ogre zombie hits your guardian golem but does no damage.
The two-headed ogre zombie hits your guardian golem.
A hobgoblin zombie comes into view.
Hori hits the two-headed ogre zombie with a +0 dagger of draining!
There is an open door here.
Aiming: Throw Flame
Press: ? - help, Shift-Dir - straight line, f - two-headed ogre zombie
Aim: a two-headed ogre zombie (100% to hit)
The puff of flame hits the two-headed ogre zombie!
The two-headed ogre zombie is lightly damaged.
Hori hits the two-headed ogre zombie with a +0 dagger of draining.
Hori gestures at the two-headed ogre zombie while chanting.
The two-headed ogre zombie resists with significant effort.
Unknown command.
The two-headed ogre zombie attacks as you move away!
The two-headed ogre zombie hits you!
You die...

#.....>..#######....#
#........#..........+
#........#..........#
#........+....†.ZZ..#
#........#.ZZ###Z...#
#........#RZZ# #ZZ..#
#.)......#9.## #...##
#........#Z.# Z.8...
#........@..# .Z.....
#........#### .......
######+###


You could see the friendly Hori the hexer (sheltered), a goblin zombie, a
hobgoblin zombie, 2 two-headed ogre zombies, an orc skeleton and a friendly
guardian golem (summoned).

Vanquished Creatures
  Gastronok (D:9)
  Pikel (D:7)
  A gargoyle (D:10)
  Grinder (D:5)
  Sigmund (D:2)
  Eustachio (D:5)
  A steam dragon (D:10)
  Menkaure (D:6)
  Edmund (D:6)
  3 sky beasts
  3 ice beasts
  An orc warrior (D:8)
  An ogre (D:5)
  2 centaurs
  A lemure (D:7)
  2 kobold brigands (D:9)
  2 bullfrogs
  A gnoll sergeant (D:9)
  A necrophage (D:8)
  3 scorpions
  9 wights
  Dowan (D:5)
  3 jellies
  4 hounds
  5 orc priests
  7 iguanas
  Jessica (D:2)
  8 orc wizards
  An ogre zombie (D:10)
  9 adders
  6 gnolls
  An ufetubus (D:4)
  3 worms (D:2)
  4 dart slugs
  38 orcs
  10 endoplasms
  2 giant cockroaches
  9 goblins
  4 hobgoblins
  8 jackals
  31 kobolds
  3 quokkas
  4 ball pythons
  8 bats
  A frilled lizard (D:3)
  An orc skeleton (D:10)
  2 orc zombies (D:10)
  2 rats
214 creatures vanquished.

Vanquished Creatures (collateral kills)
  A centaur (D:7)
  A bullfrog (D:7)
  2 kobold brigands
  3 wights
  A troll zombie (D:10)
  2 jellies
  An orc priest (D:6)
  An iguana (D:6)
  2 orc wizards
  A white imp (D:8)
  6 orcs
  5 kobolds
  2 goblin zombies (D:10)
  7 orc zombies (D:10)
35 creatures vanquished.

Vanquished Creatures (others)
  3 dancing weapons
  Duvessa (D:5)
  An orc warrior (D:8)
  A gnoll bouda (D:4)
  A gnoll (D:4)
  2 hexers
  A kobold (D:8)
  2 withered plants (D:8)
12 creatures vanquished.

Grand Total: 261 creatures vanquished

Notes
Turn   | Place    | Note
-------+----------+-------------------------------------------
     0 | D:1      | Charmandara the Deep Elf Enchanter began the quest for the
                  | Orb.
     0 | D:1      | Reached XP level 1. HP: 10/10 MP: 6/6
   700 | D:1      | Reached XP level 2. HP: 15/15 MP: 8/8
   717 | D:1      | Learned a level 2 spell: Ensorcelled Hibernation
   721 | D:1      | Reached skill level 4 in Stealth
  1256 | D:1      | Found a faded altar of an unknown god.
  1403 | D:2      | Reached XP level 3. HP: 19/19 MP: 9/9
  1471 | D:2      | Noticed Sigmund
  1485 | D:2      | Reached skill level 5 in Stealth
  1562 | D:2      | Noticed Jessica
  1573 | D:2      | Killed Jessica
  1574 | D:2      | Reached XP level 4. HP: 22/24 MP: 3/10
  1579 | D:2      | Reached skill level 6 in Stealth
  1692 | D:2      | Killed Sigmund
  1693 | D:2      | Reached skill level 8 in Stealth
  1693 | D:2      | Reached XP level 5. HP: 28/28 MP: 3/11
  2293 | D:3      | Reached skill level 1 in Ice Magic
  2325 | D:3      | Reached XP level 6. HP: 32/32 MP: 7/12
  2433 | D:3      | Reached skill level 1 in Fighting
  2759 | D:3      | Found a hide-covered altar of Uskayaw.
  2875 | D:3      | Learned a level 3 spell: Confusing Touch
  2879 | D:3      | Learned a level 3 spell: Dazzling Flash
  2883 | D:3      | Learned a level 3 spell: Summon Guardian Golem
  3005 | D:3      | Noticed an ice beast
  3018 | D:3      | Killed an ice beast
  3019 | D:3      | Reached XP level 7. HP: 28/40 MP: 7/14
  3115 | D:3      | Found a stormy altar of Qazlal.
  3172 | D:3      | Learned a level 2 spell: Blink
  3242 | D:3      | Reached skill level 5 in Hexes
  3396 | D:3      | Found a hazy altar of Hepliaklqana.
  3400 | D:3      | Found a glowing golden altar of the Shining One.
  3402 | D:3      | Found a white marble altar of Elyvilon.
  3404 | D:3      | Found a faded altar of an unknown god.
  3407 | D:3      | Found a faded altar of an unknown god.
  3422 | D:3      | Became a worshipper of Hepliaklqana the Forgotten
  3773 | D:4      | Found Hyxepreg's General Store.
  3811 | D:4      | Found a staircase to the Ecumenical Temple.
  3816 | D:4      | Found a radiant altar of Vehumet.
  3827 | D:4      | Reached skill level 5 in Spellcasting
  4092 | D:4      | Learned a level 3 spell: Swiftness
  4436 | D:4      | Reached * piety under Hepliaklqana
  4519 | D:5      | Entered Level 5 of the Dungeon
  4543 | D:5      | Reached XP level 8. HP: 39/39 MP: 16/19
  4617 | D:5      | Noticed Eustachio
  4626 | D:5      | Killed Eustachio
  4632 | D:5      | Learned a level 3 spell: Tukima's Dance
  4901 | D:5      | Noticed Dowan
  4902 | D:5      | Noticed Duvessa
  4906 | D:5      | Killed Dowan
  4913 | D:5      | Killed Duvessa
  4914 | D:5      | Reached skill level 1 in Conjurations
  4914 | D:5      | Reached skill level 1 in Summonings
  4914 | D:5      | Reached skill level 1 in Translocations
  4914 | D:5      | Reached skill level 1 in Air Magic
  4924 | D:5      | Noticed Grinder
  4925 | D:5      | Paralysed by Grinder for 2 turns
  4941 | D:5      | Killed Grinder
  5080 | D:5      | Found Unyoviados's Magic Scroll Shop.
  5211 | D:5      | Found Zecopn's Distillery.
  5313 | D:5      | Reached ** piety under Hepliaklqana
  5315 | D:5      | Remembered your ancestor Hori as a hexer
  5617 | D:6      | Noticed Menkaure
  5621 | D:6      | Killed Menkaure
  5752 | D:7      | Reached XP level 9. HP: 43/43 MP: 18/21
  6419 | D:6      | Identified the +2 robe of Cerisoto {Str+2}
  6593 | D:6      | Found a blossoming altar of Fedhas.
  6607 | D:6      | Noticed Edmund
  6626 | D:6      | Killed Edmund
  6627 | D:6      | Reached skill level 9 in Stealth
  6978 | D:6      | Found a shimmering blue altar of Sif Muna.
  7071 | D:6      | Found a snail-covered altar of Cheibriados.
  7112 | D:7      | Reached skill level 5 in Short Blades
  7162 | D:7      | Noticed Pikel
  7166 | D:7      | Killed Pikel
  7173 | D:7      | Reached skill level 10 in Stealth
  7922 | D:8      | Reached XP level 10. HP: 35/47 MP: 18/22
  8110 | D:8      | Found a runed translucent door.
  8112 | D:8      | Noticed Godmorgon's ghost (novice DjIE)
  8205 | D:8      | Reached *** piety under Hepliaklqana
  8710 | D:9      | Identified the +12 chain mail of Past Mistakes {*Corrode
                  | rN++}
  9390 | D:9      | Noticed Gastronok
  9483 | D:9      | Reached skill level 11 in Stealth
  9575 | D:9      | Killed Gastronok
  9966 | D:10     | Entered Level 10 of the Dungeon
  9966 | D:10     | Noticed a gargoyle
  9977 | D:10     | Killed a gargoyle
 10021 | D:10     | Found a staircase to the Lair.
 10163 | D:10     | Mangled by a two-headed ogre zombie

Illustrated notes

Levels and vault maps discovered:
D:1:      co_arrival_square_in_a_square_in_a_square, layout_loops_ring,
          dreamdust_ecumenical_altar_angels_and_demons
D:2:      layout_basic, grunt_ministairs_15, uniq_jessica, uniq_sigmund
D:3:      layout_loops_ring, nicolae_qazlal_general_emergency,
          mainiacjoe_overflow_paths, chequers_temple_overflow_minitemple
D:4:      layout_loops_ring, mainiacjoe_overflow_cross_hatched, temple_pool_b,
          serial_shops, nicolae_shop_advertising_works
          [nicolae_subvault_shop_adworks], nrook_mini_vaults, hex_medium
D:5:      layout_loops_corners, serial_shops, nicolae_diamond_shop, shop_statue,
          uniq_duvessa, uniq_eustachio, uniq_grinder
D:6:      layout_rooms, lemuel_blue_sif_altar, mainiacjoe_overflow_swirl,
          uniq_edmund, uniq_menkaure
D:7:      layout_basic, uniq_pikel
D:8:      layout_rooms, gammafunk_ghost_grave, serial_glass, glass_columns_b,
          glass_columns_c, item_on_display_b, item_on_display_a,
          feat_on_display, feat_on_display
D:9:      layout_basic, chequers_garden, uniq_gastronok
D:10:     layout_gridville, lair_entry_dummy, zombieorc2_lemuel,
          minmay_rotating_lava

Skill      XL: |  1  2  3  4  5  6  7  8  9 10 |
---------------+-------------------------------+-----
Short Blades   | 2 7 9 |  9.6
Stealth        | 4 5 8 10 11 | 11.8
Ice Magic      | 1 2 |  2.0
Fighting       | 2 |  2.0
Spellcasting   | 6 7 |  7.1
Hexes          | 7 |  7.6
Conjurations   | 3 |  3.0
Summonings     | 3 |  3.0
Translocations | 3 4 |  4.0
Air Magic      | 3 |  3.0
Dodging        | |  2.4

Action                   |  1- 3 |  4- 6 |  7- 9 | 10-12 || total
-------------------------+-------+-------+-------+-------++-------
Melee: Dagger            |    61 |    74 |   197 |   165 ||   497
       Punch             |       |       |     4 |     5 ||     9
 Fire: Shortbow          |       |       |     2 |       ||     2
 Cast: Ensorcelled Hiber |     4 |    26 |    49 |     8 ||    87
       Confusing Touch   |       |     1 |     1 |     9 ||    11
       Summon Guardian G |       |       |     5 |     4 ||     9
       Swiftness         |       |       |     1 |     1 ||     2
       Tukima's Dance    |       |       |     2 |     5 ||     7
       Blink             |       |       |     2 |       ||     2
       Dazzling Flash    |       |       |       |     2 ||     2
Invok: Recall Ancestor   |       |       |     1 |     1 ||     2
       Ancestor Life: He |       |       |     1 |       ||     1
Evoke: Wand              |       |       |     7 |     4 ||    11
  Use: Potion            |       |     1 |     1 |     3 ||     5
       Scroll            |       |     1 |    16 |     7 ||    24
 Stab: Sleeping          |    15 |    21 |    55 |     3 ||    94
       Invisible         |       |     1 |       |     2 ||     3
       Confused          |       |     1 |     8 |     8 ||    17
       Distracted        |       |       |     3 |     1 ||     4
Armor: Robe              |    10 |    15 |    54 |    60 ||   139
Dodge: Dodged            |    22 |    53 |    73 |    65 ||   213
